 Dungeon Crawl Stone Soup version 0.23.1 (webtiles) character file.

Game seed: 5142201323771360110

1632 Fang the Skirmisher (level 8, -4/78 HPs)
             Began as a Gargoyle Berserker on Mar 6, 2019.
             Was a Priest of Trog.
             Slain by an orc warrior
             ... wielding the +5 quarterstaff of the Valley of Death {antimagic, Dex+5}
              (8 damage)
             ... on level 6 of the Dungeon.
             The game lasted 00:06:29 (5209 turns).

Fang the Skirmisher (Gargoyle Berserker)            Turns: 5209, Time: 00:06:30

Health: -4/78      AC: 18    Str: 29    XL:     8   Next: 98%
Magic:  0/8        EV:  9    Int:  7    God:    Trog [***...]
Gold:   267        SH:  0    Dex:  9    Spells: 7/7 levels left

rFire    + . .     SeeInvis .   y - -2 hand axe (curse)
rCold    . . .     Gourm    .   (no shield)
rNeg     + + .     Faith    .   i - +0 plate armour
rPois    ∞         Spirit   .   (no helmet)
rElec    +         Reflect  .   (no cloak)
rCorr    .         Harm     .   (no gloves)
MR       .....                  (no boots)
Stlth    ..........             (no amulet)
HPRegen  0.23/turn              q - ring of positive energy (curse)
MPRegen  0.11/turn              u - ring of protection from fire

@: berserking, very quick
A: negative energy resistance 1, electricity resistance, unbreathing,
petrification resistance, rot immunity, AC +5
a: Berserk, Trog's Hand, Renounce Religion


You were on level 6 of the Dungeon.
You worshipped Trog.
Trog was most pleased with you.
You were hungry.

You visited 1 branch of the dungeon, and saw 6 of its levels.

You collected 267 gold pieces.

Inventory:

Hand Weapons
 b - a +0 war axe
 y - a cursed -2 hand axe (weapon)
Armour
 i - a +0 plate armour (worn)
Jewellery
 f - an uncursed ring of ice
 j - an uncursed ring of flight
 q - a cursed ring of positive energy (left hand)
 u - a ring of protection from fire (right hand)
Wands
 x - a wand of random effects (19)
Scrolls
 a - a scroll of summoning {unknown}
 d - a scroll of random uselessness {unknown}
 e - 9 scrolls of identify {unknown}
 g - 2 scrolls of teleportation {unknown}
 k - 2 scrolls of magic mapping {unknown}
 p - a scroll of fear {unknown}
 s - 3 scrolls of immolation {unknown}
 B - a scroll of enchant weapon {unknown}
Potions
 h - 2 potions of haste {unknown}
 l - 2 potions of curing {unknown}
 m - a potion of mutation {unknown}
 n - a potion of cancellation {unknown}
 o - 2 potions of flight {unknown}
 r - 4 potions of brilliance {unknown}
 t - a potion of invisibility {unknown}
 w - 2 potions of heal wounds {unknown}
 z - a potion of might {unknown}
 A - a potion of degeneration {unknown}
Comestibles
 c - 12 rations
 v - a chunk of flesh


   Skills:
 + Level 6.9 Fighting
 + Level 5.6 Axes
 + Level 6.4 Armour
 + Level 4.8 Dodging


You had 7 spell levels left.
You didn't know any spells.
Your spell library was empty.

Dungeon Overview and Level Annotations

Branches:
Dungeon (6/15)
 Temple: D:4-7

Altars:
Ashenzari
Hepliaklqana
Kikubaaqudgha
Makhleb
Nemelex Xobeh
Xom
The Shining One


Innate Abilities, Weirdness & Mutations

You are resistant to torment.
Your stone body is resilient. (AC +5)
You are immune to poison.
You resist negative energy. (rN+)
You are resistant to electric shocks. (rElec)
You can survive without breathing.
You are immune to petrification.
You are immune to rotting.


Message History

Something hits you but does no damage.
The orc priest miscasts a cantrip.
The orc wizard barely misses you.
You barely miss the orc warrior.
The orc warrior is severely wounded.
You hit the orc priest.
You kill the orc priest!
Trog accepts your kill.
You miss the orc wizard.
The orc warrior hits you with the +5 quarterstaff of the Valley of Death {antimagic, Dex+5}.
* * * LOW HITPOINT WARNING * * *
Something hits you but does no damage.
You hit the orc warrior but do no damage.
The orc warrior is severely wounded.
You slash the orc wizard!
You kill the orc wizard!
Trog accepts your kill.
Trog appreciates your killing of a magic user.
The orc warrior hits you with the +5 quarterstaff of the Valley of Death {antimagic, Dex+5}!
You die...

.....######.........#####.......#
##'##..........#'###.......######
....#..........#...#.......#
....'..........#...#...>...#
....#..........#...#.......#
#.###..........#..##.......#
###.....########..##########
..+.....#......)..........#
..#.....#......o@.........#
..#.....#.....{[).........#
..#.....#....##.####...#########
..#.....#... #.####...####....#
..#.....#. ..#..............#
..'.....# ...#).............#
..#.....# ...#..............# .##
.... #+#######....######'####
.####'#..... #....#.........#


You could see an orc warrior.

Vanquished Creatures
  Grinder (D:3)
  A sky beast (D:6)
  2 ogres (D:5)
  2 bullfrogs (D:6)
  A scorpion (D:4)
  2 vampire bats (D:3)
  A centaur zombie (D:5)
  5 crimson imps (D:5)
  3 hounds
  2 centaur skeletons
  2 orc priests
  6 orc wizards
  A bullfrog skeleton (D:4)
  Jessica (D:2)
  2 worker ants
  A hound skeleton (D:4)
  5 adders
  2 shadow imps (D:5)
  3 oozes
  An adder skeleton (D:3)
  2 worms
  6 dart slugs
  5 leopard geckos
  18 orcs
  5 bats
  4 bat skeletons (D:3)
  A bat zombie (D:3)
  6 giant cockroaches
  7 goblins
  6 hobgoblins
  2 jackals (D:2)
  5 kobolds
  3 quokkas
  6 frilled lizards
  2 jackal zombies (D:5)
  A leopard gecko skeleton (D:4)
  11 rats
134 creatures vanquished.

Notes
Turn   | Place    | Note
-------+----------+-------------------------------------------
     0 | D:1      | Fang the Gargoyle Berserker began the quest for the Orb.
     0 | D:1      | Reached XP level 1. HP: 14/14 MP: 1/1
   488 | D:1      | Reached XP level 2. HP: 19/19 MP: 2/2
   960 | D:1      | Reached XP level 3. HP: 19/23 MP: 3/3
  1114 | D:1      | Reached ** piety under Trog
  1412 | D:2      | Noticed Jessica
  1422 | D:2      | Killed Jessica
  1422 | D:2      | Reached XP level 4. HP: 25/29 MP: 4/4
  2175 | D:3      | Found a transporter.
  2212 | D:3      | Found a faded altar of an unknown god.
  2291 | D:3      | Reached XP level 5. HP: 20/33 MP: 5/5
  2482 | D:3      | Found a transporter.
  2497 | D:3      | Found a shattered altar of Ashenzari.
  2498 | D:3      | Found a burning altar of Makhleb.
  2802 | D:3      | Found a hazy altar of Hepliaklqana.
  2939 | D:3      | Noticed Grinder
  2948 | D:3      | Paralysed by Grinder for 3 turns
  2954 | D:3      | Paralysed by Grinder for 3 turns
  2969 | D:3      | Killed Grinder
  2969 | D:3      | Reached XP level 6. HP: 40/40 MP: 6/6
  3026 | D:3      | Found an ancient bone altar of Kikubaaqudgha.
  3036 | D:3      | Reached skill level 5 in Fighting
  3036 | D:3      | Reached XP level 7. HP: 44/44 MP: 7/7
  3458 | D:4      | Reached *** piety under Trog
  3544 | D:4      | Reached skill level 5 in Armour
  3756 | D:4      | Found a sparkling altar of Nemelex Xobeh.
  3794 | D:5      | Entered Level 5 of the Dungeon
  3807 | D:5      | Found a shimmering altar of Xom.
  3833 | D:5      | Paralysed by a crimson imp for 2 turns
  3850 | D:5      | Reached XP level 8. HP: 43/51 MP: 8/8
  4124 | D:5      | Reached skill level 5 in Axes
  4609 | D:5      | Found a glowing golden altar of the Shining One.
  4766 | D:6      | Found a sparkling altar of Nemelex Xobeh.
  5192 | D:6      | Identified the +5 quarterstaff of the Valley of Death
                  | {antimagic, Dex+5}
  5209 | D:6      | Slain by an orc warrior

Skill      XL: |  1  2  3  4  5  6  7  8 |
---------------+-------------------------+-----
Axes           | 3 4 5 |  5.6
Dodging        | 2 3 4 |  4.8
Armour         | 3 4 5 6 |  6.4
Fighting       | 4 5 6 |  6.9

Action                   |  1- 3 |  4- 6 |  7- 9 || total
-------------------------+-------+-------+-------++-------
Melee: Hand axe          |   113 |   158 |   336 ||   607
       War axe           |       |       |    93 ||    93
Invok: Berserk           |       |     3 |     2 ||     5
 Stab: Invisible         |       |       |     8 ||     8
  Eat: Chunk             |     2 |     8 |     9 ||    19
Armor: Animal skin       |     9 |       |       ||     9
       Plate armour      |    89 |   135 |   398 ||   622
Dodge: Dodged            |    59 |    84 |   173 ||   316
